 Dungeon Crawl Stone Soup version 0.30-a0-137-gd8773701ce (webtiles) character file.

Game seed: 16084235235425587235

32 Daxter95 the Stinger (level 3, 0/26 HPs)
             Began as a Draconian Venom Mage on Sept 21, 2022.
             Slain by a bat (1 damage)
             ... on level 2 of the Dungeon.
             The game lasted 00:04:11 (1604 turns).

Daxter95 the Stinger (Draconian Venom Mage)         Turns: 1604, Time: 00:04:11

Health: 0/26       AC:  5    Str: 10    XL:     3   Next: 8%
Magic:  6/6        EV: 12    Int: 17    God:
Gold:   8          SH:  0    Dex: 11    Spells: 3/6 levels left

rFire   . . .      SeeInvis .    (no weapon)
rCold   . . .      Faith    .    (no shield)
rNeg    . . .      Spirit   .    (body armour unavailable)
rPois   .          Reflect  .    (helmet restricted)
rElec   .          Harm     .    (no cloak)
rCorr   .          Rampage  .    (no gloves)
Will    .....                    (no boots)
Stlth   ++........               (no amulet)
HPRegen 0.08/turn                (no ring)
MPRegen 0.10/turn                (no ring)

@: about to teleport
A: AC +5, unfitting armour, cold-blooded
a: no special abilities


You were on level 2 of the Dungeon.
You visited 1 branch of the dungeon, and saw 2 of its levels.

You collected 8 gold pieces.

Inventory:

Scrolls
 b - a scroll of identify {unknown}
 d - a scroll of teleportation
 g - a scroll of blinking {unknown}
 h - a scroll of enchant weapon {unknown}
Potions
 a - a potion of magic
 c - 2 potions of invisibility {unknown}
 e - a potion of cancellation {unknown}
 f - a potion of heal wounds {unknown}


   Skills:
 + Level 2.3 Dodging
 + Level 1.8 Stealth
 + Level 0.1 Unarmed Combat
 + Level 2.1 Spellcasting
 + Level 1.3 Transmutations
 + Level 3.5 Poison Magic


You had 3 spell levels left.
You knew the following spells:

 Your Spells              Type           Power      Damage    Failure   Level
a - Sting                 Tmut/Pois      40%        1d5       7%          1
b - Poisonous Vapours     Pois/Air       14%        N/A       14%         2

Your spell library contained the following spells:

 Spells                   Type           Power      Damage    Failure   Level
 Mephitic Cloud           Conj/Pois/Air  5%         N/A       34%         3
 Olgreb's Toxic Radiance  Pois           13%        N/A       41%         4


Dungeon Overview and Level Annotations

Branches:
Dungeon (2/15)

Altars:


Innate Abilities, Weirdness & Mutations

Your plain brown scales are hard. (AC +5)
You cannot fit into any form of body armour.
You are cold-blooded and may be slowed by cold attacks.


Message History

You are too injured to fight recklessly!
Casting: Sting (safe; 9% risk of failure)
Confirm with . or Enter, or press ? or * to list all spells.
Aiming: Sting (safe; 9% risk of failure)
Press: ? - help, Shift-Dir - straight line, f - gnoll, p - bat
Aim: a gnoll, wielding a +0 spear (72% to hit)
The sting hits the adder.
The adder is poisoned.
The adder is almost dead.
The adder bites you. The adder closely misses you.
You hit the adder but do no damage.
The adder is almost dead.
The adder bites you but does no damage.
You hit the adder.
You kill the adder!
The bat hits you.
You have reached level 3!
Your experience leads to an increase in your attributes!
Increase (S)trength, (I)ntelligence, or (D)exterity?
You feel clever. x2; Your scales feel tougher.
Found a sedimented yellow potion and a book of Rime.
The bat misses you.
You closely miss the bat.
Your tail-slap misses the bat.
The bat hits you but does no damage. The gnoll completely misses you.
The bat hits you but does no damage.
Found a bloodstained short sword and a scroll labelled DAGAUZ VYLIOME.
The bat barely misses you.
Found a stone.
The bat hits you but does no damage. Magic courses through your body.
The gnoll hits you from afar with a +0 spear.
* * * LOW HITPOINT WARNING * * *
You hit the bat but do no damage.
Your tail-slap misses the bat.
The bat closely misses you.
The gnoll hits you from afar with a +0 spear.
* * * LOW HITPOINT WARNING * * *
The gnoll hits you from afar with a +0 spear.
* * * LOW HITPOINT WARNING * * *
As you read the scroll labelled DAGAUZ VYLIOME, it crumbles to dust.
You feel strangely unstable.
It was a scroll of teleportation.
The bat hits you.
You die...

#.#. ####.#. #......
......^ ## # #......
##.####.. #......
#........
#?.....#######<.......
.).!...@.g..)†........
...:...b.g..##........
..........####........
(........... .........
.###.######....[......
... ###........ ...
#........ ...
#########


You could see 2 gnolls and a bat.

Vanquished Creatures
  An adder (D:2)
  2 bats (D:1)
  3 endoplasms (D:1)
  A giant cockroach (D:1)
  A goblin (D:1)
  2 hobgoblins (D:1)
  2 quokkas (D:1)
  5 ball pythons
  A frilled lizard (D:1)
  4 rats (D:1)
22 creatures vanquished.

Notes
Turn   | Place    | Note
-------+----------+-------------------------------------------
     0 | D:1      | Daxter95 the Draconian Venom Mage began the quest for the
                  | Orb.
     0 | D:1      | Reached XP level 1. HP: 14/14 MP: 3/3
   348 | D:1      | Reached XP level 2. HP: 20/20 MP: 3/5
  1028 | D:1      | Learned a level 2 spell: Poisonous Vapours
  1597 | D:2      | Reached XP level 3. HP: 9/26 MP: 0/6
  1603 | D:2      | HP: 1/26 [gnoll/+0 spear (3)]
  1604 | D:2      | Slain by a bat

Illustrated notes

Levels and vault maps discovered:
D:1:      dpeg_arrival_another_circle, layout_rooms, minivault_14
D:2:      layout_rooms, basic_altar, uniq_crazy_yiuf_cottage, uniq_terence

Skill      XL: |  1 |
---------------+----+-----
Dodging        | 2 |  2.3
Stealth        | |  1.8
Unarmed Combat | |  0.1
Spellcasting   | |  2.1
Transmutations | |  1.3
Poison Magic   | |  3.5

Action                   || total
-------------------------++-------
Melee: Unarmed           ||    63
       Tailslap          ||     8
 Cast: Sting             ||    22
       Poisonous Vapours ||     6
  Use: Scroll            ||     1
       Potion            ||     1
Armor: Skin              ||    26
Dodge: Dodged            ||    95

Table legend: (Time is in decaauts)
 A = Elapsed time spent in this place.
 B = Non-inter-level travel time spent in this place.
 C = Inter-level travel time spent in this place.
 D = Time resting spent in this place.
 E = Time spent auto-exploring this place.
 F = Levels seen in this place.
 G = Mean time per level.
                   A        B        C        D        E       F      G
               +--------+--------+--------+--------+--------+-----+--------+
         Total |   1606 |   1572 |     34 |    887 |    406 |   2 |  803.0 |
       Dungeon |   1606 |   1572 |     34 |    887 |    406 |   2 |  803.0 |
               +--------+--------+--------+--------+--------+-----+--------+

Top non-repeatable levels by time:
     D:1: 1578 daAuts
     D:2: 27 daAuts
